 Dungeon Crawl Stone Soup version 0.18-a0-1285-g60d00e1 (webtiles) character file.

1429 M4edhros the Covert (level 8, -3/40 HPs)
             Began as a Spriggan Chaos Knight on Feb 8, 2016.
             Slain by an orc warrior
             ... wielding a +0 mace
              (17 damage)
             ... on level 6 of the Dungeon.
             The game lasted 00:14:01 (25322 turns).

M4edhros the Covert (Spriggan Chaos Knight)        Turns: 25322, Time: 00:14:01

Health: -3/40      AC: 11    Str: 12 (14) XL:     8   Next: 44%
Magic:  13/13      EV: 22    Int: 20      God:    Xom [....*.]
Gold:   107        SH:  0    Dex: 13 (14) Spells: 2 memorised, 5 levels left

rFire  . . .     SeeInvis +     E - +2 quarterstaff (chaos)
rCold  . . .     Gourm    .     b - +2 robe
rNeg   . . .     Faith    +     (shield currently unavailable)
rPois  .         Spirit   .     (helmet restricted)
rElec  .         Dismiss  .     F - +2 cloak
rCorr  .         Reflect  .     (gloves unavailable)
SustAt .         Harm     .     (boots unavailable)
MR     +....                    w - amulet of faith
Stlth  +++++.....               A - +6 ring of strength
                                c - ring of wizardry

@: brilliant, very quick, somewhat resistant to hostile enchantments, quite
stealthy
A: unfitting armour, antennae 2, iridescent scales 1, see invisible, clumsy 1,
deformed body, deterioration 2, herbivore 3, speed 3, shaggy fur 1, slow
metabolism 2
a: Renounce Religion


You were on level 6 of the Dungeon.
You worshipped Xom.
You were a beloved toy of Xom.
You were hungry.

You visited 2 branches of the dungeon, and saw 7 of its levels.

You collected 242 gold pieces.
You spent 135 gold pieces at shops.

Inventory:

Hand Weapons
 a - a +0 spear of chaos
 t - a +1 dagger of speed
 u - a +1 dagger of protection
 x - a +0 blowgun
 z - a +2 dagger of venom
 E - a +2 quarterstaff of chaos (weapon)
Missiles
 d - 147 stones (quivered)
 y - 2 poisoned needles
Armour
 b - a +2 robe (worn)
 C - a +0 robe of magic resistance
 F - a +2 cloak (worn)
Jewellery
 c - a ring of wizardry (left hand)
 i - an uncursed ring of flight
 w - an amulet of faith (around neck)
 A - a +6 ring of strength (right hand)
Wands
 k - a wand of polymorph (5/24)
 n - a wand of random effects (4/48)
Scrolls
 h - 2 scrolls of remove curse
 l - 6 scrolls of identify {unknown}
 D - a scroll of immolation {unknown}
Potions
 e - a potion of agility {unknown}
 f - a potion of invisibility {unknown}
 g - 2 potions of heal wounds
 j - 2 potions of might {unknown}
 m - a potion of brilliance {unknown}
 o - 2 potions of haste {unknown}
 p - a potion of resistance {unknown}
 q - 2 potions of curing {unknown}
 r - 2 potions of ambrosia {unknown}
 s - 4 potions of berserk rage {unknown}
Books
 v - a book of Hinderance

   Spells                             Type                      Level
   a - Confusing Touch                Hexes                        2
   b - Confuse                        Hexes                        3
   c - Gell's Gravitas                Hexes/Translocation          3
   d - Petrify                        Transmutation/Earth          4
   e - Metabolic Englaciation         Hexes/Ice                    5
   f - Yara's Violent Unravelling     Hexes/Transmutation          5
 B - a book of Burglary

   Spells                             Type                      Level
   a - Swiftness                      Charms/Air                   2
   b - Passwall                       Transmutation/Earth          2
   c - Passage of Golubria            Translocation                4
   d - Lee's Rapid Deconstruction     Earth                        5
   e - Darkness                       Hexes                        6
   f - Invisibility                   Hexes                        6


   Skills:
 - Level 3.1 Fighting
 - Level 3.0 Polearms
 + Level 8.3 Dodging
 * Level 9.3 Stealth
 * Level 1.6 Spellcasting
 * Level 1.4 Hexes
 + Level 6.4 Evocations


You had 5 spell levels left.
You knew the following spells:

 Your Spells              Type           Power        Failure   Level  Hunger
a - Confuse               Hex            ###.....     3%          3    ###....
b - Swiftness             Chrm/Air       ##......     3%          2    ###....


Dungeon Overview and Level Annotations

Branches:
Dungeon (6/15)             Temple (1/1) D:4

Altars:
Ashenzari
Cheibriados
Dithmenos
Elyvilon
Fedhas
Gozag
Kikubaaqudgha
Makhleb
Nemelex Xobeh
Okawaru
Pakellas
Qazlal
Ru
Trog
Vehumet
Xom
Yredelemnul
Zin
The Shining One

Shops:
D:4 [   D:6 *


Innate Abilities, Weirdness & Mutations

You are tiny and cannot use many weapons and most armour.
You have supernaturally acute eyesight.
You are a herbivore.
You cover ground extremely quickly.
You need consume almost no food.
You have a pair of antennae on your head.
You are partially covered in iridescent scales (AC +4).
You are clumsy. (Dex -2)
Armour fits poorly on your strangely shaped body.
Your body often deteriorates upon taking damage.
You are covered in fur (AC +1).


Message History

You barely miss the orc warrior.
The orc warrior is moderately wounded.
Your iron imp hits the orc warrior but does no damage.
Your quasit bites the orc warrior but does no damage.
Your quasit claws the orc warrior but does no damage. x2
Your white imp misses the orc warrior.
Your crimson imp hits the orc.
The orc warrior hits you with a mace!
Your body deteriorates!
You feel weakened. The orc barely misses you.
You barely miss the orc warrior.
The orc warrior is moderately wounded.
Your quasit bites the orc warrior but does no damage.
Your quasit claws the orc warrior but does no damage.
Your quasit closely misses the orc warrior.
Your iron imp closely misses the orc warrior.
Your white imp barely misses the orc warrior.
Your shadow imp hits the orc warrior but does no damage.
Your crimson imp hits the orc but does no damage.
The orc warrior hits you with a mace!
You die...

####### ....... ## ....... #.
....... ######## #.
......o#####......# #.
.....55o@5........# ## ......#
#####.555.........####### ......#
#.5...........##..... ......+
+.............'......
......#######.............##.#.##
............#.......[.....##.#...
............#.......########.####
#####...[...################.....
......(.........................∩


You could see an orc warrior, an orc, a friendly iron imp, 2 friendly quasits, a
friendly crimson imp, a friendly white imp, a friendly shadow imp and a friendly
ufetubus.

Vanquished Creatures
  A slave (D:5)
  A centaur (D:5)
  2 giant frogs (D:6)
  A scorpion (D:6)
  A giant frog zombie (D:5)
  A crimson imp (D:3)
  A centaur zombie (D:5)
  A hound (D:4)
  A jelly (D:5)
  4 orc wizards (D:5)
  Crazy Yiuf (D:6)
  A giant frog skeleton (D:5)
  An orc priest (D:5)
  Jessica (D:2)
  2 iguanas
  4 worker ants
  A hound zombie (D:4)
  3 gnolls (D:2)
  8 adders
  2 shadow imps
  2 oozes
  An adder zombie (D:5)
  3 worms
  8 giant geckos
  14 orcs
  14 bats
  4 giant cockroaches
  9 goblins
  18 hobgoblins
  9 jackals
  5 quokkas
  4 giant newts
  13 kobolds
  A quokka zombie (D:6)
  9 rats
152 creatures vanquished.

Vanquished Creatures (collateral kills)
  Pikel (D:5)
  An ogre (D:1)
  A killer bee zombie (D:6)
  A giant gecko (D:1)
  An orc (D:6)
  A bat (D:1)
6 creatures vanquished.

Vanquished Creatures (others)
  An orc priest (D:6)
  4 orcs (D:6)
5 creatures vanquished.

Grand Total: 163 creatures vanquished

Notes
Turn   | Place    | Note
--------------------------------------------------------------
     0 | D:1      | M4edhros the Spriggan Chaos Knight began the quest for the Orb.
     0 | D:1      | Reached XP level 1. HP: 11/11 MP: 2/2
    11 | D:1      | XOM: butterfly on damage
   151 | D:1      | XOM: potion effect (berserk rage)
   152 | D:1      | Reached XP level 2. HP: 16/16 MP: 3/3
   420 | D:1      | XOM: smoke on damage
   421 | D:1      | Reached XP level 3. HP: 14/19 MP: 4/4
   621 | D:1      | XOM: divination: detect creatures
   642 | D:1      | Reached skill level 4 in Dodging
  1078 | D:1      | XOM: silly message
  1154 | D:1      | XOM: divination: detect creatures
  1428 | D:1      | XOM: harmless Erth miscast
  1487 | D:1      | XOM is BORED!
  1487 | D:1      | XOM: mild Chrm miscast
  1703 | D:1      | XOM: silly message
  1777 | D:1      | XOM: silly message
  2074 | D:1      | XOM: mild Tloc miscast
  2161 | D:1      | XOM: scenery: create altars
  2376 | D:1      | XOM: scenery: create altars
  2547 | D:1      | XOM is BORED!
  2547 | D:1      | XOM: noise
  2974 | D:1      | XOM: harmless Erth miscast
  3213 | D:1      | XOM: harmless Conj miscast
  3767 | D:1      | XOM: vitrification
  3983 | D:1      | Noticed an ogre
  3993 | D:1      | XOM: summons 3 friendly demons
  3996 | D:1      | Killed an ogre
  3996 | D:1      | Reached skill level 1 in Stealth
  3996 | D:1      | Reached XP level 4. HP: 22/24 MP: 5/5
  4101 | D:1      | XOM: divination: detect creatures
  4206 | D:1      | XOM: divination: detect creatures
  4560 | D:1      | Reached skill level 5 in Dodging
  4591 | D:1      | XOM is BORED!
  4591 | D:1      | XOM: medium Conj miscast
  4658 | D:1      | XOM: vitrification
  4845 | D:1      | XOM: give mutations
  4845 | D:1      | Gained mutation: You are partially covered in iridescent scales (AC +4). [Xom's grace]
  4845 | D:1      | Gained mutation: You have a pair of small antennae on your head. [Xom's grace]
  4845 | D:1      | Gained mutation: Your muscles are strong. (Str +2) [Xom's grace]
  5151 | D:1      | XOM: god gift: silver ring {god gift}
  5163 | D:1      | XOM: god gift: runed wooden wand {god gift}
  7492 | D:1      | XOM is BORED!
  7492 | D:1      | XOM: mild Tloc miscast
  7492 | D:1      | XOM: smoke on damage
  7792 | D:1      | XOM: give mutations
  7792 | D:1      | Gained mutation: You are resistant to hostile enchantments. [Xom's grace]
  7792 | D:1      | Gained mutation: You have a pair of antennae on your head. [Xom's grace]
  7817 | D:1      | XOM: give mutations
  7817 | D:1      | Gained mutation: You are dopey. (Int -2) [Xom's mischief]
  7817 | D:1      | Lost mutation: Your muscles are strong. (Str +2) [Xom's mischief]
  7817 | D:1      | Lost mutation: You are resistant to hostile enchantments. [Xom's mischief]
  7849 | D:1      | XOM: silly message
  8049 | D:2      | XOM: colour smoke trail
  8261 | D:2      | XOM: harmless Necr miscast
  9244 | D:2      | Reached skill level 1 in Evocations
  9244 | D:2      | Reached XP level 5. HP: 25/28 MP: 6/6
  9282 | D:2      | Found a sparkling altar of Nemelex Xobeh.
  9495 | D:2      | Found an iron altar of Okawaru.
  9598 | D:2      | Found a faded altar to an unknown god.
  9723 | D:2      | Noticed Jessica
  9732 | D:2      | Killed Jessica
 10075 | D:2      | Found a glowing golden altar of the Shining One.
 10310 | D:3      | You fall through a shaft!
 10356 | D:4      | Found a white marble altar of Elyvilon.
 10384 | D:4      | Reached XP level 6. HP: 32/32 MP: 9/9
 10459 | D:4      | Found Xoqyz's Antique Armour Emporium.
 10487 | D:4      | XOM: mild Divn miscast
 10488 | D:4      | XOM: 1-stop teleportation journey
 10510 | D:4      | Reached skill level 6 in Dodging
 10603 | D:4      | Found a sacrificial altar of Ru.
 10603 | D:4      | Found a shimmering altar of Xom.
 10673 | D:4      | Found a staircase to the Ecumenical Temple.
 10692 | Temple   | Entered the Ecumenical Temple
 10867 | D:3      | XOM: silly message
 10869 | D:3      | Found an oddly glowing altar of Pakellas.
 10922 | D:3      | Found a shadowy altar of Dithmenos.
 11127 | D:3      | XOM: noise
 11336 | D:3      | XOM: noise
 11497 | D:3      | XOM: summons 3 hostile demons
 11645 | D:5      | Entered Level 5 of the Dungeon
 11648 | D:5      | XOM: repel stairs
 11656 | D:4      | XOM: give mutations
 11656 | D:4      | Lost mutation: You are dopey. (Int -2) [Xom's mischief]
 11656 | D:4      | Gained mutation: Your body sometimes deteriorates upon taking damage. [Xom's mischief]
 11656 | D:4      | Gained mutation: You are frail (-10% HP). [Xom's mischief]
 11683 | D:4      | Bought an embroidered cloak for 135 gold pieces
 11905 | D:5      | Reached skill level 5 in Stealth
 11905 | D:5      | Reached XP level 7. HP: 32/32 MP: 11/11
 11979 | D:5      | XOM: confusion
 12195 | D:5      | Reached skill level 7 in Dodging
 12208 | D:5      | Reached skill level 5 in Evocations
 12854 | D:5      | XOM: mild Trmt miscast
 12865 | D:5      | XOM: silly message
 12992 | D:5      | XOM is BORED!
 12992 | D:5      | XOM: give mutation
 12992 | D:5      | Gained mutation: Your mind is acute. (Int +2) [Xom's mischief]
 13259 | D:5      | XOM: noise
 13487 | D:5      | XOM: harmless Hex miscast
 13650 | D:5      | XOM: colour smoke trail
 13994 | D:5      | XOM: mild Summ miscast
 15169 | D:5      | XOM: noise
 15173 | D:5      | XOM: enchant monster (good)
 15176 | D:5      | XOM: confuse monster(s)
 15253 | D:5      | XOM: colour smoke trail
 15720 | D:5      | XOM: give mutations
 15720 | D:5      | Gained mutation: Your body often deteriorates upon taking damage. [Xom's mischief]
 15720 | D:5      | Gained mutation: You are covered in fur (AC +1). [Xom's mischief]
 15720 | D:5      | Lost mutation: You are frail (-10% HP). [Xom's mischief]
 16424 | D:5      | XOM: summons 1 hostile demon
 16971 | D:5      | XOM: medium Trmt miscast
 17827 | D:5      | XOM: noise
 17858 | D:5      | XOM: noise
 17974 | D:5      | Noticed a tengu reaver
 18234 | D:4      | XOM: colour smoke trail
 18706 | D:4      | XOM: give mutations
 18706 | D:4      | Lost mutation: Your mind is acute. (Int +2) [Xom's mischief]
 18706 | D:4      | Gained mutation: Armour fits poorly on your strangely shaped body. [Xom's mischief]
 18706 | D:4      | Gained mutation: You are clumsy. (Dex -2) [Xom's mischief]
 18762 | D:4      | XOM: silly message
 18902 | D:4      | XOM: silly message
 19069 | D:4      | XOM is BORED!
 19069 | D:4      | XOM: medium Summ miscast
 19070 | D:4      | Noticed a red devil
 20339 | Temple   | XOM: 6-stop teleportation journey
 21473 | Temple   | XOM: silly message
 21711 | Temple   | XOM: divination: detect creatures
 21832 | Temple   | XOM is BORED!
 21832 | Temple   | XOM: medium Summ miscast
 21833 | Temple   | Noticed a small abomination
 23275 | D:4      | XOM: god gift: lumpy lapis lazuli amulet {god gift}
 23542 | D:4      | XOM is BORED!
 23542 | D:4      | XOM: medium Chrm miscast
 23730 | D:4      | XOM: god gift: meat ration
 24464 | D:4      | XOM: god gift: 12 gold pieces
 24469 | D:4      | Noticed a centaur warrior
 24510 | D:6      | Noticed Pikel
 24516 | D:5      | XOM: summons 7 friendly demons
 24520 | D:5      | XOM: polymorph crimson imp -> shadow imp
 24523 | D:5      | Killed Pikel
 24523 | D:5      | Reached skill level 8 in Dodging
 24523 | D:5      | Reached XP level 8. HP: 27/40 MP: 13/13
 24616 | D:5      | XOM: vitrification
 24753 | D:6      | Noticed Crazy Yiuf
 24756 | D:6      | XOM: noise
 24763 | D:6      | Killed Crazy Yiuf
 24806 | D:6      | Found Rosa's General Store.
 24813 | D:6      | XOM: enchant monster (good)
 24814 | D:6      | XOM: destruction
 24875 | D:6      | Reached skill level 9 in Stealth
 24880 | D:6      | XOM: vitrification
 24989 | D:6      | XOM: god gift: papyrus book {god gift}
 25095 | D:6      | Learned a level 3 spell: Confuse
 25098 | D:6      | Learned a level 2 spell: Swiftness
 25165 | D:6      | Reached skill level 1 in Spellcasting
 25174 | D:6      | Reached skill level 1 in Hexes
 25309 | D:6      | XOM: potion effect (brilliance)
 25314 | D:6      | XOM: summons 8 friendly demons
 25322 | D:6      | Slain by an orc warrior

Vault maps used:
D:1:      noname_arrival_rooms_in_the_neighbourhood, minivault_26, st_stairs_4
D:2:      nemelex_deck, lemuel_coloured_pillars_altar,
          okawaru_altar_gauntlet_db, ecumenical_altar_1, serial_bayou_ford_a,
          minmay_misc_feat_square, st_stairs_13, uniq_jessica
D:3:      nicolae_overflow_hidden_temple, lemuel_round_altar
D:4:      elyvilon_altar_1, gammafunk_temple_overflow_wave,
          minmay_temple_entry_large_hall, serial_shops, kennysheep_mini
D:5:      first_bread
D:6:      serial_shops, shop, uniq_pikel, uniq_crazy_yiuf_cottage
Temple:   eino_narrow_crystal_temple_b_12

Action                   |  1- 3 |  4- 6 |  7- 9 || total
-------------------------+-------+-------+-------++-------
Melee: Spear             |    90 |   363 |       ||   453
       Dagger            |       |    19 |   151 ||   170
       Quarterstaff      |       |       |    46 ||    46
 Fire: Blowgun           |       |       |     2 ||     2
Evoke: Wand              |       |       |     4 ||     4
  Use: Scroll            |       |     5 |       ||     5
       Potion            |       |       |     1 ||     1
 Stab: Sleeping          |     2 |    18 |     5 ||    25
       Distracted        |     1 |     4 |       ||     5
       Confused          |     1 |     2 |       ||     3
       Petrified         |       |     2 |     1 ||     3
  Eat: Bread ration      |       |     2 |     1 ||     3
       Pizza             |       |     1 |     1 ||     2
       Royal jelly       |       |       |     1 ||     1
